 Dungeon Crawl Stone Soup version 0.29.1-15-g9cfb28693d (webtiles) character file.

Game seed: 4741714786290298191

4162 Farfigtubin the Cleaver (level 10, -12/91 HPs)
             Began as a Hill Orc Fighter on Mar 10, 2023.
             Was a Priest of Beogh.
             Mangled by a tengu warrior
             ... wielding a +0 glaive
              (13 damage)
             ... on level 8 of the Dungeon.
             The game lasted 00:43:02 (7483 turns).

Farfigtubin the Cleaver (Hill Orc Fighter)          Turns: 7483, Time: 00:43:02

Health: -12/91     AC: 19    Str: 24    XL:     10   Next: 28%
Magic:  10/10      EV:  8    Int:  8    God:    Beogh [***...]
Gold:   133        SH:  9    Dex: 10    Spells: 9/9 levels left

rFire   . . .      SeeInvis .   d - +0 war axe (flame)
rCold   . . .      Faith    .   c - +0 buckler
rNeg    . . .      Spirit   .   P - +0 chain mail {rPois}
rPois   +          Reflect  +   x - +0 helmet
rElec   .          Harm     .   D - +0 cloak
rCorr   .          Rampage  .   (no gloves)
Will    .....                   t - +0 pair of boots
Stlth   ..........              i - amulet of reflection
HPRegen 0.25/turn               q - +4 ring of protection
MPRegen 0.12/turn               (no ring)

@: no status effects
A: no striking features
a: Renounce Religion, Smiting


You were on level 8 of the Dungeon.
You worshipped Beogh.
Beogh was most pleased with you.
You visited 2 branches of the dungeon, and saw 9 of its levels.
You also visited: Sewer.

You collected 343 gold pieces.
You spent 210 gold pieces at shops.

Inventory:

Hand Weapons
 d - a +0 war axe of flaming (weapon)
Missiles
 g - a curare-tipped dart
 l - 70 stones (quivered)
 H - 31 poisoned darts
 I - 2 throwing nets
Armour
 c - a +0 buckler (worn)
 t - a +0 pair of boots (worn)
 x - a +0 helmet (worn)
 D - a +0 cloak (worn)
 P - a +0 chain mail of poison resistance (worn)
Jewellery
 f - an amulet of regeneration
 i - an amulet of reflection (around neck)
 m - a ring of protection from cold
 o - a ring of positive energy
 q - a +4 ring of protection (left hand)
Wands
 a - a wand of roots (7)
Scrolls
 b - a scroll of magic mapping {unknown}
 n - 4 scrolls of teleportation
 p - 4 scrolls of enchant weapon
 r - 2 scrolls of fog {unknown}
 v - a scroll of silence {unknown}
 w - a scroll of enchant armour {unknown}
 y - a scroll of summoning {unknown}
 B - 2 scrolls of identify
 C - 2 scrolls of torment {unknown}
 E - a scroll of blinking {unknown}
 K - a scroll of vulnerability {unknown}
 L - a scroll of amnesia {unknown}
Potions
 e - 7 potions of mutation
 h - 5 potions of flight
 j - 2 potions of resistance
 s - a potion of attraction {unknown}
 u - 3 potions of heal wounds {unknown}
 z - 2 potions of ambrosia {unknown}
 A - 3 potions of curing
 F - a potion of berserk rage {unknown}
 G - 4 potions of haste
 J - a potion of invisibility {unknown}
 M - a potion of magic {unknown}
 O - a potion of cancellation


   Skills:
 + Level 9.5 Fighting
 * Level 13.5 Axes
 + Level 8.7 Armour
 - Level 3.2 Shields


You had 9 spell levels left.
You didn't know any spells.
Your spell library contained the following spells:

 Spells                   Type           Power      Damage    Failure   Level
 Necrotise                Necr           0%         1d4       97%         1
 Confusing Touch          Hex            0%         N/A       100%        3
 Vampiric Draining        Necr           0%         2d6       100%        3
 Agony                    Necr           0%         N/A       100%        5
 Yara's Violent Unravell  Hex/Tmut       0%         3d3       100%        5
 Enfeeble                 Hex            0%         N/A       100%        7


Dungeon Overview and Level Annotations

Branches:
Dungeon (8/15)             Temple (1/1) D:4           Sewer (visited)
   Lair: D:8-11

Altars:
Ashenzari
Cheibriados
Dithmenos
Fedhas
Gozag
Hepliaklqana
Kikubaaqudgha
Makhleb
Nemelex Xobeh
Okawaru
Qazlal
Ru
Sif Muna
Trog
Uskayaw
Vehumet
Xom
Yredelemnul
The Shining One

Shops:
D:3 :   D:6 !

Annotations:
D:2 1 runed translucent door, Crazy Yiuf


Message History

The centaur warrior hits you but does no damage.
The centaur warrior kicks you but does no damage.
Your orc hits the centaur warrior with a +0 dagger.
The tengu warrior hits you but does no damage.
You barely miss the centaur warrior.
The centaur warrior is severely wounded.
The centaur warrior hits you.
* * * LOW HITPOINT WARNING * * *
The centaur warrior kicks you but does no damage.
The centaur warrior hits you but does no damage.
The centaur warrior kicks you but does no damage.
The tengu warrior barely misses you.
You slash the centaur warrior! You burn the centaur warrior.
The centaur warrior is almost dead.
The centaur warrior hits you but does no damage.
The centaur warrior kicks you but does no damage.
Your orc priest looks braver for a moment.
Your orc barely misses the centaur warrior.
You hit the centaur warrior but do no damage.
The centaur warrior is almost dead.
The centaur warrior hits you.
* * * LOW HITPOINT WARNING * * *
The centaur warrior kicks you but does no damage.
You block the tengu warrior's attack.
Your orc completely misses the centaur warrior.
You barely miss the centaur warrior.
The centaur warrior is almost dead.
The centaur warrior hits you.
* * * LOW HITPOINT WARNING * * *
You block the centaur warrior's attack.
The tengu warrior hits you from afar with a +0 glaive!
* * * LOW HITPOINT WARNING * * *
The centaur warrior hits you but does no damage.
The centaur warrior kicks you but does no damage.
Your orc hits the centaur warrior with a +0 dagger.
Your orc priest hits the centaur warrior but does no damage.
You completely miss the centaur warrior.
The centaur warrior is almost dead.
The tengu warrior hits you from afar with a +0 glaive!
You die...

.#...#...####
$#._........#
............#
.#..........###
#.♣..........# ##
#.♣......o.###
..# # ♣........#
####W.#
♣........###.oc#
...###.##.)...@o#
#... #.######$..#
#.≈ #.# ####Q.#
#. ..# ##


You could see a tengu warrior, a centaur warrior (ally target), a wraith, a
friendly orc priest and a friendly orc.

Vanquished Creatures
  Maggie (D:7)
  A gargoyle (D:8)
  A hornet (D:8)
  Sigmund (D:6)
  Menkaure (D:6)
  A steam dragon (D:5)
  A water moccasin (D:7)
  3 black bears (D:6)
  3 ogres
  2 centaurs
  4 phantoms
  3 kobold brigands (Sewer)
  3 bullfrogs (D:7)
  3 necrophages (D:4)
  3 scorpions
  7 wights (D:4)
  2 howler monkeys
  A centaur zombie (D:4)
  2 hounds
  A human zombie (D:4)
  A jelly (D:4)
  A gnoll bouda (D:5)
  Terence (D:3)
  4 orc wizards
  3 iguanas
  2 hound zombies (D:4)
  A mummy (D:4)
  Robin (D:3)
  4 gnolls (D:5)
  7 adders
  A river rat (D:6)
  4 shadow imps
  8 white imps
  An ufetubus (D:6)
  2 adder zombies (D:4)
  2 worms (D:2)
  5 dart slugs
  12 orcs
  9 endoplasms
  4 giant cockroaches
  12 goblins
  9 hobgoblins
  4 jackals (D:3)
  5 quokkas
  7 ball pythons
  7 bats
  4 frilled lizards
  16 kobolds
  12 rats
193 creatures vanquished.

Vanquished Creatures (collateral kills)
  2 orcs (D:7)
2 creatures vanquished.

Vanquished Creatures (others)
  An orc priest (D:4)
  2 orc wizards (D:4)
  8 orcs
  2 demonic plants (D:6)
  A fungus (Sewer)
  37 plants
51 creatures vanquished.

Grand Total: 246 creatures vanquished

Notes
Turn   | Place    | Note
-------+----------+-------------------------------------------
     0 | D:1      | Farfigtubin the Hill Orc Fighter began the quest for the
                  | Orb.
     0 | D:1      | Reached XP level 1. HP: 19/19 MP: 1/1
   106 | D:1      | Reached skill level 3 in Axes
   115 | D:1      | Reached XP level 2. HP: 27/27 MP: 2/2
   169 | D:1      | Found a faded altar of an unknown god.
   457 | D:1      | Reached XP level 3. HP: 33/33 MP: 3/3
   784 | D:2      | Reached skill level 4 in Axes
  1342 | D:2      | Reached XP level 4. HP: 40/40 MP: 4/4
  1369 | D:2      | Found a runed translucent door.
  1370 | D:2      | Noticed Crazy Yiuf
  1730 | D:3      | Noticed Robin
  1731 | D:3      | Noticed Terence
  1757 | D:3      | Killed Robin
  1879 | D:3      | Killed Terence
  1880 | D:3      | Reached skill level 5 in Axes
  1949 | D:3      | Reached XP level 5. HP: 47/47 MP: 5/5
  2009 | D:3      | Found Foriv's Book Boutique.
  2424 | D:4      | Found a staircase to the Ecumenical Temple.
  2455 | D:4      | Noticed a phantom
  2484 | D:4      | Killed a phantom
  2485 | D:4      | Reached skill level 5 in Fighting
  2485 | D:4      | Reached skill level 6 in Axes
  2485 | D:4      | Reached XP level 6. HP: 47/56 MP: 6/6
  2492 | Temple   | Entered the Ecumenical Temple
  2992 | D:4      | Became a worshipper of Beogh the Brigand
  3033 | D:4      | Identified the +7 dagger "Evvoz" {pain, rElec rPois Dex+5}
  3089 | D:4      | Reached skill level 5 in Armour
  3093 | D:4      | Reached skill level 7 in Axes
  3093 | D:4      | Reached XP level 7. HP: 35/61 MP: 7/7
  3381 | D:4      | Found a shadowy altar of Dithmenos.
  3382 | D:4      | Found a snail-covered altar of Cheibriados.
  3446 | D:4      | Reached skill level 8 in Axes
  3659 | D:4      | Reached XP level 8. HP: 71/71 MP: 8/8
  3807 | D:4      | Found an ancient bone altar of Kikubaaqudgha.
  3827 | D:4      | Reached skill level 9 in Axes
  3854 | D:4      | Reached * piety under Beogh
  4028 | D:4      | Noticed a two-headed ogre
  4105 | D:5      | Entered Level 5 of the Dungeon
  4139 | D:5      | Reached skill level 10 in Axes
  4401 | D:5      | Reached XP level 9. HP: 69/79 MP: 9/9
  5038 | D:5      | Reached skill level 11 in Axes
  5059 | D:5      | Found a stormy altar of Qazlal.
  5293 | D:6      | Reached ** piety under Beogh
  5327 | D:6      | Noticed Sigmund
  5333 | D:6      | Killed Sigmund
  5377 | D:6      | Found an iron altar of Okawaru.
  5408 | D:6      | Found a glowing drain.
  5425 | Sewer    | Entered a sewer
  5876 | D:6      | Reached skill level 12 in Axes
  6002 | D:6      | Found a burning altar of Makhleb.
  6076 | D:6      | Noticed Menkaure
  6086 | D:6      | Reached *** piety under Beogh
  6087 | D:6      | Killed Menkaure
  6322 | D:6      | Found a sparkling altar of Nemelex Xobeh.
  6381 | D:6      | Found a broken altar of Ashenzari.
  6437 | D:6      | Found Ycaatus's Distillery.
  6445 | D:6      | Bought a potion of haste for 100 gold pieces
  6445 | D:6      | Bought a potion of cancellation for 80 gold pieces
  6445 | D:6      | Bought a potion of curing for 30 gold pieces
  6885 | D:7      | Noticed Maggie
  6897 | D:7      | Reached XP level 10. HP: 54/91 MP: 10/10
  6902 | D:7      | Killed Maggie
  6903 | D:7      | Reached skill level 13 in Axes
  7453 | D:8      | Found a radiant altar of Vehumet.
  7467 | D:8      | Noticed a gargoyle
  7469 | D:8      | Noticed a centaur warrior
  7475 | D:8      | Killed a gargoyle
  7476 | D:8      | Noticed a tengu warrior
  7482 | D:8      | HP: 1/91 [tengu warrior/+0 glaive (9)]
  7483 | D:8      | Mangled by a tengu warrior

Illustrated notes

Levels and vault maps discovered:
D:1:      moated_graveyard_arrival, layout_loops_ring,
          hellmonk_ecumenical_altar_inner_sanctum, st_stairs_7
D:2:      layout_loops_ring, uniq_crazy_yiuf_cottage
D:3:      cheibrodos_old_hovel, layout_rooms, serial_shops,
          nicolae_shop_statue_plus, serial_bayou_lagoon_a, uniq_terence,
          uniq_robin
D:4:      layout_basic, lemuel_mausoleum_altar_kikubaaqudgha,
          nicolae_overflow_squiral, minmay_temple_entry_junction
D:5:      minmay_recursive_quarters, layout_basic, lemuel_tele_altar,
          serial_bayou, serial_bayou_pond_d, serial_bayou_pond_e,
          serial_bayou_pond_d, serial_bayou_pond_e, serial_bayou_pond_d,
          serial_bayou_pond_d
D:6:      layout_gridville, lemuel_doored_altar, ashenzari_conservatory_becter,
          mainiacjoe_overflow_large_starburst, portal_sewer_entry_b,
          serial_shops, nicolae_shop_hallway_stairs, serial_demonic,
          serial_demonic_e, serial_demonic_b, serial_demonic_d,
          serial_demonic_g, serial_demonic_a, serial_demonic_g, uniq_menkaure,
          uniq_sigmund
D:7:      layout_loops_ring, dreamdust_princess_bridge, uniq_maggie
D:8:      minmay_blocky_corners, layout_loops_ring,
          mainiacjoe_overflow_boulevard, enter_bailey_4, grunt_ministairs_11,
          chequers_avenue
Temple:   dpeg_chambers_temple

Skill      XL: |  1  2  3  4  5  6  7  8  9 10 |
---------------+-------------------------------+-----
Axes           | 3 4 5 6 7 8 10 12 13 | 13.5
Fighting       | 4 5 6 7 9 |  9.5
Armour         | 4 5 6 8 |  8.7
Shields        | |  3.2

Action                   |  1- 3 |  4- 6 |  7- 9 | 10-12 || total
-------------------------+-------+-------+-------+-------++-------
Melee: War axe           |   107 |   143 |   417 |    42 ||   709
Throw: Stone             |    14 |     4 |    12 |       ||    30
Invok: Convert to Beogh  |       |     1 |       |       ||     1
  Use: Scroll            |       |       |     5 |     2 ||     7
       Potion            |       |       |     2 |       ||     2
Armor: Scale mail        |    45 |    59 |    49 |       ||   153
       Chain mail        |       |       |   115 |    20 ||   135
Dodge: Dodged            |    35 |    40 |    99 |    14 ||   188
Block: Buckler           |    25 |    69 |   157 |    17 ||   268
       Reflection        |       |     5 |     9 |     1 ||    15
